Map: Thunderbird LE

Players

HateMe - Winner!

  • Race: Zerg Zerg
  • Spawn Location: 5:00

BluE

  • Race: Protoss Protoss
  • Spawn Location: 11:00

Event: 2019 WCS Summer

VOD

Have the link to the VOD?

Description

Time

  • Played on: July 12, 2019, 6:33 a.m.
  • Length: 15:14

All games in this series

Show
View Real Time Build Order
Export as new Build Order

HateMe Zerg - Winner!

Build Orders: Hatch First 

Get SALT Encoding   

  12  0:00  Drone  
  13  0:12  Overlord  
  13  0:16  Drone  
  14  0:31  Drone x2  
  16  0:48  Hatchery  
  15  0:51  Drone  
  15  0:55  Drone  
  17  0:59  Drone  
  18  1:09  Extractor  
  17  1:14  Spawning Pool  
  17  1:17  Drone  
  17  1:20  Drone  
  18  1:28  Drone  
  19  1:41  Drone  
  20  1:50  Overlord  
  20  2:00  Queen x2  
  24  2:01  Zergling x4  
  26  2:12  Drone x2  
  28  2:21  Drone  
  29  2:23  Drone  
  30  2:34  Hatchery  
  29  2:38  Drone  
  29  2:41  Drone  
  31  2:50  Queen, Overlord  
  32  2:54  Drone  
  32  2:57  Drone  
  34  2:59  Drone  
  35  3:07  Overlord  
  35  3:11  Drone x2  
  35  3:12  Drone x2  
  39  3:13  Drone  
  39  3:15  Drone  
  39  3:17  Drone  
  42  3:21  Drone  
  43  3:27  Lair  
  43  3:31  Roach Warren  
  43  3:32  Drone x2  
  44  3:35  Spore Crawler  
  43  3:43  Drone x3  
  43  3:47  Overlord  
  46  3:49  Queen  
  46  3:52  Extractor  
  46  3:53  Extractor  
  46  3:57  Queen  
  48  4:04  Overlord  
  48  4:09  Drone x3  
  51  4:12  Roach  
  51  4:13  Roach x3  
  51  4:15  Overlord  
  59  4:25  Overseer  
  59  4:26  Roach x3  
  59  4:30  Roach  
  67  4:36  Roach  
  69  4:41  Roach x2  
  69  4:42  Overlord x2  
  73  4:47  Roach x2  
  77  4:53  Roach  
  77  4:59  Drone x2  
  81  5:03  Overlord  
  81  5:05  Overlord  
  81  5:06  Drone x5  
  86  5:09  Glial Reconstitution  
  86  5:11  Overseer  
  86  5:15  Overseer  
  86  5:19  Drone x4  
  90  5:22  Drone x2  
  90  5:25  Drone x2  
  90  5:26  Drone  
  95  5:32  Queen  
  95  5:52  Overlord x3  
  95  5:55  Drone x8  
  103  5:58  Extractor  
  103  6:00  Evolution Chamber  
  101  6:04  Extractor x2, Queen  
  101  6:05  Drone  
  102  6:18  Roach x10  
  122  6:20  Overseer  
  122  6:26  Zerg Missile Weapons Level 1  
  121  6:32  Overlord x2  
  121  6:38  Overlord x3  
  121  6:51  Overseer  
  121  6:52  Drone  
  121  6:53  Drone x4  
  126  6:54  Drone  
  126  6:57  Drone  
  126  7:00  Baneling Nest  
  127  7:05  Roach x6  
  127  7:06  Hatchery  
  127  7:07  Roach  
  140  7:14  Ravager x2  
  140  7:15  Ravager x6  
  148  7:16  Roach x3  
  148  7:19  Overlord x2  
  154  7:24  Roach x3  
  160  7:36  Overlord x2  
  160  7:42  Roach x7  
  174  7:45  Ravager x2  
  176  7:55  Spire, Overlord  
  176  7:56  Roach x3  
  181  8:07  Roach x2  
  181  8:08  Roach x4  
  193  8:14  Overseer  
  193  8:20  Zerg Missile Weapons Level 2  
  193  8:25  Hatchery, Roach x3  
  193  8:43  Roach x5  
  197  8:49  Roach  
  199  9:24  Roach  
  199  9:33  Baneling Nest  
  198  9:39  Nydus Network  
  191  9:55  Drone x7  
  191  9:56  Drone x8  
  199  10:12  Spine Crawler x2  
  199  10:13  Spine Crawler x2  
  193  10:15  Spine Crawler, Ravager x8  
  193  10:16  Spine Crawler x2  
  198  10:23  Overseer  
  198  10:24  Overseer  
  198  10:26  Nydus Canal  
  196  10:34  Roach x2  
  198  10:48  Roach x5  
  200  10:56  Zerg Melee Weapons Level 1  
  198  10:58  Mutalisk x3  
  198  11:00  Pneumatized Carapace  
  200  11:09  Spine Crawler x2  
  198  11:11  Spine Crawler  
  198  11:14  Mutalisk x4  
  199  11:21  Mutalisk x2  
  188  11:37  Roach x10  
  188  11:38  Roach x5  
  191  11:42  Overlord x2  
  191  11:43  Overlord  
  184  11:56  Overlord x2  
  184  12:02  Roach x8  
  200  12:17  Baneling Nest  
  197  12:32  Overseer  
  197  12:43  Zergling x6  
  198  13:00  Centrifical Hooks  
  198  13:02  Overseer  
  198  13:04  Overseer  
  198  13:09  Metabolic Boost, Hatchery  
  198  13:12  Baneling x6  
  195  13:21  Drone x6  
  198  13:30  Drone x2  
  191  13:57  Zergling x2  
  191  13:58  Zergling x26  
  182  14:07  Roach x14  
  192  14:12  Roach x9  
  167  14:22  Roach x13  
  169  14:26  Roach x4  
  169  14:30  Roach x2  
  165  14:36  Mutalisk x2  
  162  14:43  Infestation Pit, Mutalisk x4  
Show
View Real Time Build Order
Export as new Build Order

BluE Protoss 

Build Orders: 1 Gate Expand, Archon Immortal, Archon Drop, Dark Templar Rush 

Get SALT Encoding   

  12  0:00  Probe  
  13  0:12  Probe  
  14  0:19  Pylon  
  14  0:24  Probe  
  15  0:33  Probe  
  15  0:38  Gateway  
  15  0:41  Probe  
  16  0:47  Assimilator  
  17  0:53  Probe  
  18  1:05  Probe  
  19  1:17  Probe  
  20  1:26  Nexus  
  20  1:35  Cybernetics Core  
  20  1:37  Probe  
  21  1:46  Assimilator  
  21  1:50  Probe  
  21  1:53  Pylon  
  22  2:02  Probe, Adept  
  23  2:14  Probe  
  23  2:15  Warp Gate  
  26  2:22  Stalker  
  26  2:25  Twilight Council  
  26  2:26  Probe  
  27  2:35  Probe  
  29  2:38  Probe  
  29  2:43  Probe  
  31  2:50  Probe  
  33  2:53  Probe  
  34  2:58  Robotics Facility  
  34  3:02  Probe  
  34  3:05  Probe  
  36  3:10  Probe  
  36  3:17  Probe  
  36  3:18  Probe  
  36  3:19  Dark Shrine  
  39  3:28  Probe  
  39  3:29  Probe  
  41  3:35  Gateway  
  41  3:36  Warp Prism  
  41  3:41  Probe, Gateway  
  42  3:42  Gateway  
  44  3:49  Probe  
  44  3:52  Assimilator  
  44  3:54  Assimilator  
  45  3:56  Pylon  
  45  4:02  Probe, Pylon  
  46  4:14  Pylon  
  46  4:15  Probe x2  
  48  4:34  Probe x2  
  48  4:37  Dark Templar x4  
  58  4:40  Observer, Pylon  
  56  4:47  Forge  
  59  4:53  Dark Templar  
  59  4:54  Archon  
  59  4:57  Archon  
  59  5:00  Immortal, Nexus  
  59  5:02  Probe x2  
  61  5:11  Sentry  
  61  5:13  Sentry, Protoss Ground Weapons Level 1  
  69  5:15  Probe  
  69  5:21  Probe  
  71  5:27  Probe  
  72  5:38  Immortal  
  76  5:43  Probe x2  
  78  5:52  Gateway  
  78  5:53  Gateway  
  78  5:55  Pylon  
  78  5:57  Pylon  
  78  6:03  Charge  
  78  6:07  Pylon  
  78  6:12  Probe x3, Immortal  
  78  6:14  Sentry x2  
  85  6:24  Probe  
  90  6:29  Probe  
  90  6:30  Probe  
  92  6:33  Gateway  
  92  6:35  Gateway  
  92  6:36  Pylon  
  92  6:37  Zealot, Dark Templar x2  
  98  6:42  Probe x2  
  98  6:44  Pylon  
  100  6:50  Zealot x3  
  100  6:53  Archon  
  100  6:54  Probe x2  
  107  6:57  Pylon  
  108  7:06  Probe  
  109  7:09  Assimilator x2  
  109  7:11  Dark Templar x3  
  109  7:12  Dark Templar  
  109  7:13  Zealot  
  109  7:15  Archon  
  119  7:16  Archon  
  119  7:17  Zealot  
  119  7:19  Assimilator  
  121  7:23  Pylon  
  121  7:39  Zealot x2  
  121  7:40  Zealot x2  
  121  7:43  Protoss Ground Weapons Level 2  
  121  7:44  Zealot x3  
  131  7:46  Immortal  
  139  7:56  Probe  
  140  8:03  Zealot x2, Pylon  
  140  8:04  Zealot x2  
  148  8:08  Pylon  
  148  8:11  Pylon  
  148  8:19  Pylon  
  148  8:20  Photon Cannon  
  148  8:24  Zealot x3, Templar Archives  
  154  8:27  Pylon  
  154  8:33  Shield Battery  
  154  8:44  Psionic Storm  
  154  8:47  Immortal  
  154  8:57  Photon Cannon  
  154  8:58  Photon Cannon  
  154  8:59  Shield Battery  
  154  9:00  High Templar x2  
  154  9:01  High Templar x3  
  164  9:03  Photon Cannon  
  164  9:07  Zealot x2  
  164  9:08  Zealot  
  164  9:21  Pylon  
  164  9:26  Immortal  
  168  9:33  Zealot x5  
  168  9:34  Zealot  
  168  9:35  Zealot  
  182  9:44  Stargate  
  174  9:59  Dark Templar x4  
  176  10:03  Archon x2  
  176  10:04  Zealot x2  
  176  10:05  Zealot x2  
  184  10:10  Pylon  
  184  10:17  Pylon  
  184  10:26  Stalker  
  184  10:27  Stalker, High Templar x2  
  184  10:28  Protoss Ground Weapons Level 3  
  178  10:40  Stalker x2  
  178  10:42  Stalker  
  171  10:51  Probe  
  172  10:59  Immortal  
  168  11:16  Zealot x6  
  170  11:29  Nexus  
  170  11:30  Pylon  
  162  11:37  Phoenix  
  150  11:40  Zealot x2  
  150  11:41  Zealot x5  
  166  11:53  Phoenix  
  166  11:56  Warp Prism  
  154  12:07  Photon Cannon, High Templar x2  
  160  12:08  Photon Cannon  
  160  12:10  Pylon  
  159  12:21  Zealot x3, Dark Templar x2  
  165  12:32  Immortal, Phoenix  
  169  12:40  Dark Templar x2  
  169  12:44  Stalker x4  
  165  12:45  Probe  
  165  12:46  Probe  
  170  12:54  Dark Templar x2  
  170  12:56  High Templar  
  170  12:57  Probe x3  
  175  13:09  Pylon  
  175  13:11  Dark Templar  
  177  13:13  High Templar x2  
  177  13:14  High Templar  
  177  13:16  Gateway  
  181  13:27  Assimilator  
  181  13:29  Assimilator  
  179  13:37  Zealot x2, Fleet Beacon  
  179  13:38  Zealot  
  151  14:03  Immortal  
  131  14:10  Zealot x3  
  131  14:11  Zealot  
  131  14:12  Zealot x3  
  97  14:31  Warp Prism  
  97  14:38  High Templar x4  
  87  14:39  High Templar x3  
  87  14:42  Archon x2  
  87  14:43  Zealot  
  99  14:50  Archon  
  97  15:06  Dark Templar  
  89  15:11  Dark Templar x3  
  89  15:12  Zealot x4  
Tags
 
Add a new tag
Caveats
  • Supply blocks, unpowered buildings, or Contaminate may cause inaccurate times.
  • Supply counts are checked every 10 seconds.